 Dungeon Crawl Stone Soup version 0.22.1-1-ga44c0e56f4 (webtiles) character file.

54 Morbidden the Chopper (level 3, 0/33 HPs)
             Began as a Deep Dwarf Fighter on Oct 8, 2018.
             Killed from afar by an orc wizard (5 damage)
             ... with a magic dart
             ... on level 3 of the Dungeon.
             The game lasted 00:01:37 (851 turns).

Morbidden the Chopper (Deep Dwarf Fighter)           Turns: 851, Time: 00:01:38

Health: 0/33       AC:  9    Str: 20    XL:     3   Next: 66%
Magic:  3/3        EV:  5    Int:  8    God:
Gold:   78         SH:  9    Dex: 12    Spells: 2/2 levels left

rFire    . . .     SeeInvis .   a - +0 war axe
rCold    . . .     Gourm    .   c - +0 shield
rNeg     + . .     Faith    .   l - +0 chain mail
rPois    .         Spirit   .   (no helmet)
rElec    .         Reflect  .   (no cloak)
rCorr    .         Harm     .   (no gloves)
MR       .....                  (no boots)
Stlth    ..........             (no amulet)
HPRegen  0.00/turn              i - ring of positive energy
MPRegen  0.08/turn              (no ring)

@: non-regenerating, slowed, very slow
A: damage resistance, heal wounds, sense surroundings 1, no regeneration
a: Heal Wounds


You were on level 3 of the Dungeon.
You were not hungry.

You visited 1 branch of the dungeon, and saw 3 of its levels.

You collected 78 gold pieces.

Inventory:

Hand Weapons
 a - a +0 war axe (weapon)
Armour
 c - a +0 shield (worn)
 l - a +0 chain mail (worn)
Jewellery
 i - a ring of positive energy (left hand)
Scrolls
 h - 5 scrolls of identify {unknown}
 m - a scroll of immolation {unknown}
 n - a scroll of remove curse {unknown}
 t - a scroll of teleportation {unknown}
Potions
 b - a potion of heal wounds {unknown}
 d - a potion of might
 e - 3 potions of haste {unknown}
 g - 2 potions of mutation {unknown}
 j - a potion of lignification {unknown}
 k - a potion of agility {unknown}
 o - a potion of brilliance {unknown}
 p - a potion of curing {unknown}
 q - a potion of cancellation {unknown}
 r - a potion of magic {unknown}
 s - a potion of degeneration {unknown}
Comestibles
 f - 2 rations


   Skills:
 - Level 2.6 Fighting
 + Level 4.5 Axes
 - Level 3.2 Armour
 - Level 3.2 Shields


You had 2 spell levels left.
You didn't know any spells.
Your spell library was empty.

Dungeon Overview and Level Annotations

Branches:
Dungeon (3/15)

Altars:
Sif Muna


Innate Abilities, Weirdness & Mutations

You are resistant to damage.
You can heal yourself by infusing magical energy.
You passively map a small area around you.
You do not regenerate.


Message History

The orc wizard casts a spell at you. The magic dart hits you!
* * * LOW HITPOINT WARNING * * *
The orc hits you but does no damage.
You miss the orc wizard.
Your shield and chain mail prevent you from hitting the quokka.
Your shield and chain mail prevent you from hitting the orc.
The orc wizard hits you but does no damage.
You block the quokka's attack.
The orc wizard hits you but does no damage.
You block the orc's attack.
The quokka bites you but does no damage.
The orc wizard hits you but does no damage.
The orc closely misses you.
You closely miss the orc wizard. You completely miss the orc.
Your chain mail prevents you from hitting the quokka.
The quokka bites you but does no damage.
The orc wizard casts a spell at you. The magic dart hits you!
You die...

### #.. ,
#.# ** #.#
* #.#* ###.
###.##.....
,
#..oo....#
,
#.#@##...#
#.#.r.$....
#.#########
* #.# * #.#
#.####
#....#
##+##
####.#
##...## #.#
##.....##


You could see an orc wizard, an orc and a quokka.

Vanquished Creatures
  3 worms (D:3)
  2 dart slugs (D:1)
  7 orcs (D:3)
  A ball python (D:3)
  5 bats
  A giant cockroach (D:2)
  3 goblins
  2 hobgoblins (D:1)
  3 kobolds
  A quokka (D:3)
  2 frilled lizards
  2 rats
32 creatures vanquished.

Notes
Turn   | Place    | Note
-------+----------+-------------------------------------------
     0 | D:1      | Morbidden the Deep Dwarf Fighter began the quest for the
                  | Orb.
     0 | D:1      | Reached XP level 1. HP: 20/20 MP: 1/1
    33 | D:1      | Reached skill level 3 in Axes
    35 | D:1      | Reached XP level 2. HP: 22/27 MP: 2/2
   118 | D:1      | You fall through a shaft!
   570 | D:3      | Found a deep blue altar of Sif Muna.
   713 | D:3      | Reached XP level 3. HP: 26/33 MP: 3/3
   715 | D:3      | Reached skill level 4 in Axes
   851 | D:3      | Killed from afar by an orc wizard

Skill      XL: |  1  2  3 |
---------------+----------+-----
Axes           | 3 4 |  4.5
Fighting       | |  2.6
Armour         | |  3.2
Shields        | |  3.2

Action                   || total
-------------------------++-------
Melee: War axe           ||   110
Armor: Scale mail        ||    10
       Chain mail        ||    60
Dodge: Dodged            ||    34
Block: Shield            ||    58
